 Dungeon Crawl Stone Soup version 0.28.0 (webtiles) character file.

Game seed: 1993017925569167534

156 hikkokomori the Covered (level 5, -2/41 (43) HPs)
             Began as a Formicid Fighter on Feb 10, 2022.
             Was an Initiate of Elyvilon.
             Killed by nerve-wracking pain
             ... invoked by an orc priest
              (14 damage)
             ... on level 3 of the Dungeon.
             The game lasted 00:05:22 (2108 turns).

hikkokomori the Covered (Formicid Fighter)          Turns: 2108, Time: 00:05:22

HP:   -2/41 (43)    AC: 13    Str: 22    XL:     5   Next: 65%
MP:   6/6           EV:  6    Int:  8    God:    Elyvilon [......]
Gold: 96            SH:  4    Dex: 10    Spells: 4/4 levels left

rFire   . . .      SeeInvis +   a - +0 quarterstaff
rCold   . . .      Faith    .   c - +0 buckler
rNeg    . . .      Spirit   .   j - +0 plate armour
rPois   .          Reflect  .   (helmet unavailable)
rElec   .          Harm     .   o - +0 cloak
rCorr   .          Rampage  .   (no gloves)
Will    .....                   (no boots)
Stlth   ..........              (no amulet)
HPRegen 0.13/turn               (no ring)
MPRegen 0.10/turn               (no ring)

@: lightly drained
A: permanent stasis, dig shafts and tunnels, antennae 3, four strong arms
a: Dig, Shaft Self, Renounce Religion


You were on level 3 of the Dungeon.
You worshipped Elyvilon.
Elyvilon was noncommittal.
You visited 1 branch of the dungeon, and saw 3 of its levels.

You collected 118 gold pieces.
You spent 22 gold pieces at shops.

Inventory:

Hand Weapons
 a - a +0 quarterstaff (weapon)
 g - a +0 dagger of holy wrath
 k - a +0 trident
Missiles
 e - 42 bolts
 i - 14 poisoned darts
 n - 2 curare-tipped darts
Armour
 b - a +0 scale mail
 c - a +0 buckler (worn)
 j - a +0 plate armour (worn)
 o - a +0 cloak (worn)
Scrolls
 f - a scroll of fog
 h - 2 scrolls of teleportation
 l - a scroll of acquirement {unknown}
 p - a scroll of magic mapping {unknown}
 r - a scroll of identify
 s - a scroll of noise {unknown}
Potions
 d - a potion of might
 m - 2 potions of haste
 q - a potion of flight {unknown}


   Skills:
 + Level 4.3 Fighting
 + Level 3.2 Staves
 + Level 4.4 Armour
 - Level 3.6 Shields
 + Level 2.1 Invocations


You had 4 spell levels left.
You didn't know any spells.
Your spell library contained the following spells:

 Spells                   Type           Power      Damage    Failure   Level
 Animate Skeleton         Necr           0%         N/A       100%        1
 Apportation              Tloc           0%         N/A       100%        1
 Summon Small Mammal      Summ           0%         N/A       100%        1


Dungeon Overview and Level Annotations

Branches:
Dungeon (3/15)

Altars:
Elyvilon

Shops:
D:1 ?


Innate Abilities, Weirdness & Mutations

You cannot be hasted, slowed, berserked, paralysed or teleported.
You can dig through walls and to a lower floor.
You have a pair of large antennae on your head. (SInv)
Your four strong arms can wield two-handed weapons with a shield.


Message History

The orc wizard hits you with a +0 dagger.
You hit the orc wizard.
The orc wizard is heavily wounded.
You block the orc wizard's attack.
You barely miss the orc wizard.
The orc wizard is heavily wounded.
The orc wizard hits you with a +0 dagger.
You thump the orc wizard!
You kill the orc wizard!
Your Invocations skill increases to level 2!
You sock the orc priest!
The orc priest is heavily wounded.
The orc priest hits you but does no damage.
You barely miss the orc priest.
The orc priest is heavily wounded.
The orc priest hits you but does no damage.
The orc priest mumbles some strange prayers to Beogh against you.
Pain shoots through your body!
You hit the orc priest.
The orc priest is severely wounded.
The orc priest hits you but does no damage.
You barely miss the orc priest.
The orc priest is severely wounded.
The orc priest hits you but does no damage.
You hit the orc priest but do no damage.
The orc priest is severely wounded.
The orc priest calls down the wrath of Beogh upon you.
Pain shoots through your body!
* * * LOW HITPOINT WARNING * * *
You are too injured to fight recklessly!
You are too injured to fight recklessly!
You closely miss the orc priest.
The orc priest is severely wounded.
You block the orc priest's attack.
You hit the orc priest.
The orc priest is almost dead.
The orc priest hits you but does no damage.
The orc priest mumbles some strange prayers to Beogh against you.
Pain shoots through your body!
You die...

. #.#.# #. .{
###.########.
..#######.##.......
......{......#####.
###.##.#......# #.
#...........# ##
#......##.#.#
###.#.#.###.....
#@#.#.#.# #...###
##o####.# #.#.# ###
#.# #.... ..


You could see an orc priest.

Vanquished Creatures
  Crazy Yiuf (D:2)
  Jessica (D:2)
  An orc wizard (D:3)
  3 adders
  A worm (D:2)
  3 dart slugs
  2 orcs (D:3)
  6 ball pythons
  3 endoplasms
  2 giant cockroaches (D:2)
  3 goblins
  3 hobgoblins (D:2)
  3 kobolds
  2 quokkas
  2 bats
  2 frilled lizards
  5 rats
43 creatures vanquished.

Notes
Turn   | Place    | Note
-------+----------+-------------------------------------------
     0 | D:1      | hikkokomori the Formicid Fighter began the quest for the
                  | Orb.
     0 | D:1      | Reached XP level 1. HP: 18/18 MP: 1/1
   101 | D:1      | Reached XP level 2. HP: 19/24 MP: 2/2
   242 | D:1      | Found Taotouch's Magic Scroll Shoppe.
   245 | D:1      | Bought a scroll of identify for 22 gold pieces
   450 | D:1      | You fall into a shaft and drop 1 floor!
   475 | D:2      | Reached XP level 3. HP: 25/30 MP: 3/3
   650 | D:2      | Found a white marble altar of Elyvilon.
   658 | D:2      | Became a worshipper of Elyvilon the Healer
   859 | D:2      | Noticed Jessica
   864 | D:2      | Killed Jessica
   865 | D:2      | Reached skill level 1 in Invocations
   865 | D:2      | Reached XP level 4. HP: 37/37 MP: 4/4
   873 | D:2      | Found a faded altar of an unknown god.
  1203 | D:2      | Found a runed translucent door.
  1204 | D:2      | Noticed Crazy Yiuf
  1504 | D:2      | Killed Crazy Yiuf
  1505 | D:2      | Reached XP level 5. HP: 31/42 MP: 4/6
  2108 | D:3      | Killed from afar by an orc priest

Illustrated notes

Levels and vault maps discovered:
D:1:      minmay_arrival_semitransparent, layout_basic, serial_shops,
          nicolae_shop_trees
D:2:      layout_loops_ring, ebering_ecumenical_altar_sacrificial, basic_altar,
          grunt_ministairs_3, minivault_14, grunt_decor_one_mirror,
          uniq_crazy_yiuf_cottage, uniq_jessica
D:3:      layout_basic

Skill      XL: |  1  2  3  4  5 |
---------------+----------------+-----
Fighting       | 4 |  4.3
Armour         | 4 |  4.4
Invocations    | 1 2 |  2.1
Staves         | 3 |  3.2
Shields        | |  3.6

Action                   |  1- 3 |  4- 6 || total
-------------------------+-------+-------++-------
Melee: Quarterstaff      |    64 |    63 ||   127
Throw: Dart              |       |     1 ||     1
 Abil: Dig               |     1 |     2 ||     3
  Use: Scroll            |     2 |     1 ||     3
Armor: Scale mail        |    15 |       ||    15
       Plate armour      |     5 |    25 ||    30
Dodge: Dodged            |    19 |     7 ||    26
Block: Buckler           |    14 |    15 ||    29
